Description

This is a Terran Vs Protoss/Zerg Widow Mine Drop Harass while Expanding BO.

Always Make SCVs and give or take always make Marines, Mines, Marauders w/ given production available | Also after around Supply 66 I'm just spit-balling the supply count(units were dying in the replay I watched and it threw me off) But you can still get the build if you go off time. I'll try to add them myself later on when I have the time but Feel free to contact me if you have the exact Supply counts, and I'll edit them in. Twitter: @CDNThe3rd

Build Order Provided by Vibelol

Build order implemented into tool by CDNThe3rd

Twitch.Tv/Vibelol

Twitch.Tv/CDNThe3rd

[+]

Build Order

Get SALT Encoding   

  14  0:18  Supply Depot  
  16  0:41  Barracks  
  16  0:45  Refinery Scout  
  19  1:27  Orbital Command  
  19  1:28  Reaper  
  20  1:41  Command Center 2nd CC  
  20  1:52  Supply Depot  
  22  2:00  Marine Build 4 Marines for Bunker  
  23  2:14  Factory  
  23  2:15  Refinery  
  24  2:20  Marine  
  27  2:39  Marine  
  28  2:52  Orbital Command  
  28  2:55  Bunker Bunker Low Ground  
  29  2:58  Marine  
  29  3:00  Starport  
  31  3:01  Widow Mine  
  32  3:15  Armory  
  32  3:17  Barracks Reactor Reactor on Rax  
  35  3:25  Widow Mine  
  39  3:38  Medivac  
  39  3:42  Supply Depot Main Scouting Depot  
  42  3:47  Widow Mine  
  46  3:58  Marine x2  
  46  4:01  Supply Depot Natural Scouting Depot  
  46  4:10  Action Mines>Medi>Main(1st)  
  46  4:16  Factory Tech Lab  
  46  4:18  Starport Reactor  
  48  4:21  Command Center 3rd CC  
  48  4:23  Barracks 2nd Rax  
  48  4:26  Marine x2  
  52  4:35  Drilling Claws Fac/Tech Research  
  52  4:40  Supply Depot Makes @ Natural  
  54  4:48  Action Micro>Medi/Mines>Main(1st)  
  57  4:58  Widow Mine  
  57  4:59  Marine x2  
  57  5:00  Action Bring Medi Home(Mines?)  
  58  5:02  Action Lift Starport build Reactor  
  58  5:03  Starport Reactor  
  60  5:06  Barracks 3rd Rax  
  60  5:10  Engineering Bay x2  
  62  5:18  Supply Depot  
  62  5:19  Action Lift Rax add to Reactor  
  64  5:20  Marine x2  
  64  5:22  Refinery x2 @ Natural  
  66  5:23  Widow Mine  
  66  5:30  Marine x2  
  66  5:38  Orbital Command  
  68  5:40  Supply Depot  
  70  5:47  Action Lift Starport build Reactor  
  70  5:48  Starport Reactor  
  72  5:54  Action Lift 2nd Rax add to Tech  
  72  5:55  Action Lift Fact add to Reactor  
  72  5:59  Stimpack  
  72  6:01  Action Lift 3rd Rax add to Reactor  
  74  6:02  Widow Mine x2  
  74  6:10  Terran Infantry Armor Level 1  
  74  6:11  Terran Infantry Weapons Level 1  
  74  6:12  Terran Vehicle And Ship Armor Level 1  
  81  6:20  Supply Depot  
  81  6:21  Action Lift 3rd CC expand to 3rd  
  85  6:27  Widow Mine x2  
  85  6:35  Action Mines>Medi>Main(2nd)  
  93  6:37  Medivac x2  
  93  6:45  Action Drop MULES in 3rd expo  
  98  6:50  Supply Depot x2  
  99  6:58  Command Center Build 4th CC @ Nat Expo  
  101  7:05  Supply Depot  
  104  7:14  Action Micro>Medi/Mines>Main(2nd)  
  104  7:28  Barracks x2 4th Rax, 5th Rax  
  106  7:39  Combat Shield  
  106  7:40  Command Center Build 5th CC @ 3rd  
  108  7:43  Action Drop MULES in 3rd expo  
  108  7:45  Action Mines>Medi>Nat(3rd)  
  109  7:53  Medivac x2  
  120  8:07  Supply Depot x2  
  133  8:08  Terran Infantry Armor Level 2  
  133  8:09  Terran Infantry Weapons Level 2  
  133  8:13  Action Lift 4th CC expand to 4th  
  133  8:14  Action Micro>Medi/Mines>Opp(3rd)  
  134  8:15  Command Center  
  134  8:19  Refinery x2  
  135  8:23  Barracks Reactor On Finished Raxes  
  135  8:24  Barracks Tech Lab  
  136  8:38  Marauder  
  136  8:41  Supply Depot x3  
  136  8:48  Planetary Fortress PF @ 4th  
  142  8:54  Action Lift 5th CC expand to 5th  
  142  8:57  Command Center Build 6th CC @ 3rd  
  148  8:59  Marauder x2  
  166  9:04  Action Refund Bunker  
  172  9:08  Medivac x2  
  180  9:18  Planetary Fortress PF @ 5th  
  180  9:26  Terran Vehicle And Ship Armor Level 2  
  188  9:27  Marauder x2  
  190  9:32  Action Drop MULES in 5th expo  
  200  9:41  Medivac x2  
  200  9:42  Action Lift 6th CC expand to 6th  
  200  9:45  Command Center Build @ Nat expo  
  200  10:01  Action Mines>Medi>Main(4th)  
  200  10:18  Factory  
  200  10:19  Barracks x3 @ 4th Expo  
  200  10:34  Action Drop MULES in 5th expo  
  200  10:35  Command Center Build @ 5th  
  200  10:36  Action Micro>Medi/Mines>Main(4th)  
  200  10:48  Action Move Out w/ M/M/M/M  
  200  10:54  Command Center x4 Build @ 3rd/4th  
  200  11:04  Planetary Fortress PF @ 6th  
  200  11:10  Terran Infantry Armor Level 3  
  200  11:11  Terran Infantry Weapons Level 3  
  200  11:20  Barracks Reactor  
  200  11:21  Barracks Tech Lab  
  200  11:22  Factory Reactor  
  200  11:26  Orbital Command  
  200  11:41  Terran Vehicle And Ship Armor Level 3  
Spawning Tool Build Advisor. Get it on Overwolf

Go to:

Details

  • Created by: Ceez
  • Published on: Dec 15, 2020
  • Modified on: Dec 17, 2020
  • Patch: 4.11.0
  • Difficulty: Hard
Show
View Real Time Build Order
Export as new Build Order

Comments (0)

There are no comments. Be the first!

Create an account to comment!